 Dungeon Crawl Stone Soup version 0.32-a0-913-g739538afd8 (webtiles) character file.

Game seed: 17932401294362861259

39 Doorstop00 the Covered (level 3, -3/23 HPs)
             Began as a Gargoyle Fighter on Apr 8, 2024.
             Slain by a goblin
             ... wielding a +0 club
             ... led by Robin
              (5 damage)
             ... on level 1 of the Dungeon.
             The game lasted 00:03:34 (755 turns).

Doorstop00 the Covered (Gargoyle Fighter)            Turns: 755, Time: 00:03:34

Health: -3/23      AC: 10    Str: 21    XL:     3   Next: 47%
Magic:  3/3        EV:  8    Int:  8    God:
Gold:   66         SH:  4    Dex:  9    Spells: 2/2 levels left

rFire   . . .        g - +2 whip (venom)
rCold   . . .        c - +0 buckler
rNeg    + . .        b - +0 scale mail
rPois   ∞            (no helmet)
rElec   +            (no cloak)
rCorr   .            (no gloves)
SInv    +            (no boots)
Will    .....        (no amulet) Stlth
                     f - ring of see invisible
HPRegen 0.23/turn    (no ring)
MPRegen 0.08/turn

%: no passive effects
@: no status effects
A: sickness immunity, AC +3, negative energy resistance 1, electricity
resistance, torment resistance 1, petrification resistance
a: no special abilities


You were on level 1 of the Dungeon.
You visited 1 branch of the dungeon, and saw 2 of its levels.

You collected 66 gold pieces.

Inventory:

Hand Weapons
 a - a +0 flail
 g - a +2 whip of venom (weapon)
Armour
 b - a +0 scale mail (worn)
 c - a +0 buckler (worn)
Jewellery
 f - a ring of see invisible (left hand)
Scrolls
 e - a scroll of enchant armour {unknown}
Potions
 d - a potion of might


   Skills:
 * Level 3.6 Fighting
 * Level 2.4 Maces & Flails
 * Level 3.7 Armour
 * Level 0.5 Dodging
 * Level 3.7 Shields


You had 2 spell levels left.
You didn't know any spells.
Your spell library was empty.

Dungeon Overview and Level Annotations

Branches:
Dungeon (2/15)

Altars:

Annotations:
D:2 Robin


Innate Abilities, Weirdness & Mutations

You are immune to sickness and miasma.
Your stone body is resilient. (AC +3)
You are immune to poison.
You resist negative energy. (rN+)
You are resistant to electric shocks. (rElec)
You are resistant to unholy torment.
You are immune to petrification.


Message History

There is a stone staircase leading down here.
You climb downwards.
Level annotation: Robin The goblin hits you with a +0 club.
The goblin closely misses you. The goblin hits you but does no damage.
The goblin hits you with a +0 club. You block the goblin's attack.
The goblin closely misses you.
The goblin hits you but does no damage. x2; The goblin closely misses you.
The goblin hits you but does no damage.
There is a stone staircase leading up here.
The goblin closely misses you. The goblin hits you but does no damage.
The goblin barely misses you. The goblin hits you but does no damage.
Robin roars a battlecry!
The goblins go into a battle-frenzy!
The goblin hits you but does no damage.
You climb upwards.
There is a stone staircase leading down here.
You barely miss the goblin. The goblin hits you with a +0 club. x2
The goblin hits you but does no damage. x2; You block the goblin's attack.
You hit the goblin.
You kill the goblin!
The goblin completely misses you.
The goblin hits you but does no damage. x2
You block the goblin's attack.
You hit the goblin.
You kill the goblin!
The goblin hits you but does no damage. x2; The goblin hits you with a +0 club.
* * * LOW HITPOINT WARNING * * *
You whack the goblin!
You kill the goblin!
The goblin closely misses you. The goblin hits you but does no damage.
You barely miss the goblin. The goblin hits you but does no damage.
You block the goblin's attack.
You miss the goblin. The goblin hits you but does no damage.
The goblin hits you with a +0 club.
* * * LOW HITPOINT WARNING * * *
You miss the goblin. The goblin hits you but does no damage.
The goblin closely misses you.
You hit the goblin.
The goblin is heavily wounded.
The goblin hits you with a +0 club.
You die...

######### #####
#(.#♣...♣#
#...#####..#.♣♣..#
#.))#......#♣.♣..#
######@).#......#♣♣.♣♣#
#....g)g).......###'# #
#.........###...#...# #
#....>....# ##.÷#.#####
#.........####....####.
#.....#.#..............
#.....#.##......[......
#.....#.##.........##..
#######.##.............


You could see 2 goblins.

Vanquished Creatures
  A dart slug (D:1)
  3 bats (D:1)
  3 endoplasms (D:1)
  12 goblins (D:1)
  2 hobgoblins (D:1)
  3 jackals (D:1)
  4 ball pythons (D:1)
  2 kobolds (D:1)
  3 rats (D:1)
33 creatures vanquished.

Notes
Turn   | Place    | Note
-------+----------+-------------------------------------------
     0 | D:1      | Doorstop00 the Gargoyle Fighter began the quest for the
                  | Orb.
     0 | D:1      | Reached XP level 1. HP: 14/14 MP: 1/1
   112 | D:1      | Reached XP level 2. HP: 19/19 MP: 2/2
   294 | D:1      | Found a faded altar of an unknown god.
   436 | D:1      | Reached XP level 3. HP: 23/23 MP: 3/3
   690 | D:2      | Noticed Robin
   755 | D:1      | Slain by a goblin

Illustrated notes

Levels and vault maps discovered:
D:1:      shiori_shiawase, layout_rooms, shapermc_ecumenical_altar_flowoftime,
          chequers_arboretum, corner_web_ring
D:2:      layout_basic, serial_shops, shop, uniq_natasha, uniq_robin

Action                     || total
---------------------------++-------
  Melee: Flail             ||    45
         Whip              ||    25
    Use: Scroll            ||     1
 Armour: Scale mail        ||    94
  Dodge: Dodged            ||    40
  Block: Buckler           ||    29

Table legend: (Time is in decaauts)
 A = Elapsed time spent in this place.
 B = Non-inter-level travel time spent in this place.
 C = Inter-level travel time spent in this place.
 D = Time resting spent in this place.
 E = Time spent auto-exploring this place.
 F = Levels seen in this place.
 G = Mean time per level.
                   A        B        C        D        E       F      G
               +--------+--------+--------+--------+--------+-----+--------+
         Total |    771 |    760 |     11 |     91 |    396 |   2 |  385.5 |
       Dungeon |    771 |    760 |     11 |     91 |    396 |   2 |  385.5 |
               +--------+--------+--------+--------+--------+-----+--------+

Top non-repeatable levels by time:
     D:1: 764 daAuts
     D:2: 6 daAuts
